TOP OF THE 1ST |
Pittsburgh Panthers batting - Pitching for California Golden Bears : RHP Juan Bonilla
|
Pitching: RHP Juan Bonilla
|
|
Batting: RHB Gerald Arnold
|
0-0: Ground out 4-3 (Groundball, 4M)
|
Batting: SHB Chet Johnston
|
0-0: Foul Ball, location: 2F 0-1: Called Strike 0-2: Strikes out looking
|
Batting: RHB León Rivera
|
0-0: Swinging Strike 0-1: Ball 1-1: Swinging Strike 1-2: Ball 2-2: Foul Ball, location: 2F 2-2: Foul Ball, location: 2F 2-2: Ball 3-2: Base on Balls
|
Batting: RHB Aaron Grizzle
|
0-0: Ball 1-0: Foul Ball, location: 2F 1-1: Ball 2-1: Foul Ball, location: 2F 2-2: Ball 3-2: Base on Balls León Rivera to second
|
Batting: SHB Jacob Everett
|
0-0: Called Strike 0-1: SINGLE (Line Drive, 56D) León Rivera to third Aaron Grizzle to second Runner from 3rd tries for Home, SAFE, no throw or cutoff
|
Batting: RHB David Kerr
|
0-0: Foul Ball, location: 2F 0-1: Ball 1-1: Swinging Strike 1-2: Fielders Choice at 2nd, 6-4 (Groundball, 6)
|
Top of the 1st over - 1 run(s), 1 hit(s), 0 error(s), 1 left on base; Pittsburgh 1 - California 0 |
BOTTOM OF THE 1ST |
California Golden Bears batting - Pitching for Pittsburgh Panthers : RHP Ricardo Ramírez
|
Pitching: RHP Ricardo Ramírez
|
|
Batting: LHB Noah Gillespie
|
0-0: Foul Ball, location: 2F 0-1: SINGLE (Line Drive, 4M)
|
Batting: RHB Júlio López
|
0-0: Ball 1-0: Ball 2-0: Ball 3-0: Called Strike 3-1: Base on Balls Noah Gillespie to second
|
Batting: SHB Chris Woods
|
0-0: Ball 1-0: Called Strike 1-1: Ball 2-1: Foul Ball, location: 2F 2-2: Foul Ball, location: 2F 2-2: Strikes out swinging
|
Batting: LHB Sergio Fernández
|
0-0: Ball 1-0: Foul Ball, location: 2F 1-1: Ball 2-1: Called Strike 2-2: Strikes out looking
|
Batting: RHB Phil Garne
|
0-0: Foul Ball, location: 2F 0-1: SINGLE (Groundball, 4MD) Noah Gillespie to third Júlio López to second Runner from 3rd tries for Home, SAFE, no throw or cutoff
|
Batting: RHB Richard Stroud
|
0-0: Ball 1-0: Ball 2-0: Swinging Strike 2-1: DOUBLE (Line Drive, 7LM) Júlio López scores Phil Garne to third
|
Batting: RHB Marv Shepard
|
0-0: Called Strike 0-1: Called Strike 0-2: Ball 1-2: Foul Ball, location: 2F 1-2: Ball 2-2: Fly out, F4 (Popup, 3D)
|
Bottom of the 1st over - 2 run(s), 3 hit(s), 0 error(s), 2 left on base; Pittsburgh 1 - California 2 |
TOP OF THE 2ND |
Pittsburgh Panthers batting - Pitching for California Golden Bears : RHP Juan Bonilla
|
Batting: RHB Damon McKay
|
0-0: Called Strike 0-1: Ball 1-1: Ball 2-1: Foul Ball, location: 2F 2-2: Ball 3-2: Fly out, F3 (Popup, 3DF)
|
Batting: RHB Félix Ruíz
|
0-0: Ball 1-0: Foul Ball, location: 2F 1-1: Swinging Strike 1-2: Ball 2-2: Ball 3-2: Strikes out swinging
|
Batting: LHB Dennis Lovett
|
0-0: Ball 1-0: Ball 2-0: Ball 3-0: Called Strike 3-1: Swinging Strike 3-2: Base on Balls
|
Batting: RHB Gerald Arnold
|
0-0: Ball 1-0: Ball Pickoff Throw by Catcher to First - Error! E2 Dennis Lovett to second 2-0: Fly out, F7 (Flyball, 7M)
|
Top of the 2nd over - 0 run(s), 0 hit(s), 1 error(s), 1 left on base; Pittsburgh 1 - California 2 |
BOTTOM OF THE 2ND |
California Golden Bears batting - Pitching for Pittsburgh Panthers : RHP Ricardo Ramírez
|
Batting: RHB Robin Dobson
|
0-0: Ball 1-0: Ball 2-0: SINGLE (Groundball, 56D)
|
Batting: SHB Jeff McGill
|
0-0: Ball 1-0: Fielders Choice at 2nd, 3-6 (Groundball, 34)
|
Batting: LHB Noah Gillespie
|
0-0: Ball 1-0: Ball 2-0: Called Strike 2-1: Foul Ball, location: 2F 2-2: Foul Ball, location: 2F 2-2: Foul Ball, location: 2F 2-2: Foul Ball, location: 2F 2-2: Ball Jeff McGill steals 2nd base 3-2: Base on Balls
|
Batting: RHB Júlio López
|
0-0: Ball 1-0: Ball 2-0: Fly out, F4 (Line Drive, 4)
|
Batting: SHB Chris Woods
|
0-0: Ball 1-0: Called Strike 1-1: Ball 2-1: Foul Ball, location: 2F 2-2: Foul Ball, location: 2F 2-2: Foul Ball, location: 2F 2-2: Fly out, F5 (Popup, 5F)
|
Bottom of the 2nd over - 0 run(s), 1 hit(s), 0 error(s), 2 left on base; Pittsburgh 1 - California 2 |
TOP OF THE 3RD |
Pittsburgh Panthers batting - Pitching for California Golden Bears : RHP Juan Bonilla
|
Batting: SHB Chet Johnston
|
0-0: Ball 1-0: Ball 2-0: Called Strike 2-1: Foul Ball, location: 2F 2-2: Ball 3-2: Foul Ball, location: 2F 3-2: Fly out, F6 (Line Drive, 6)
|
Batting: RHB León Rivera
|
0-0: Ball 1-0: DOUBLE (Line Drive, 8LM)
|
Batting: RHB Aaron Grizzle
|
0-0: Ball 1-0: SINGLE (Groundball, 6MD) León Rivera to third Runner from 3rd tries for Home, SAFE, no throw or cutoff
|
Batting: SHB Jacob Everett
|
0-0: Ball 1-0: Ball 2-0: Ball 3-0: Base on Balls Aaron Grizzle to second
|
Batting: RHB David Kerr
|
0-0: Swinging Strike 0-1: Ball 1-1: Swinging Strike 1-2: Strikes out swinging
|
Batting: RHB Damon McKay
|
0-0: Ball 1-0: Called Strike 1-1: Ball 2-1: Ground out 5-3 (Groundball, 5L)
|
Top of the 3rd over - 1 run(s), 2 hit(s), 0 error(s), 2 left on base; Pittsburgh 2 - California 2 |
BOTTOM OF THE 3RD |
California Golden Bears batting - Pitching for Pittsburgh Panthers : RHP Ricardo Ramírez
|
Batting: LHB Sergio Fernández
|
0-0: Foul Ball, location: 2F 0-1: Fly out, F4 (Popup, 4MS)
|
Batting: RHB Phil Garne
|
0-0: Called Strike 0-1: Foul Ball, location: 2F 0-2: Strikes out swinging
|
Batting: RHB Richard Stroud
|
0-0: Called Strike 0-1: Ball 1-1: Swinging Strike 1-2: Ground out 6-3 (Groundball, 6)
|
Bottom of the 3rd over - 0 run(s), 0 hit(s), 0 error(s), 0 left on base; Pittsburgh 2 - California 2 |
TOP OF THE 4TH |
Pittsburgh Panthers batting - Pitching for California Golden Bears : RHP Juan Bonilla
|
Batting: RHB Félix Ruíz
|
0-0: Ball 1-0: Ball 2-0: Ball 3-0: Called Strike 3-1: Base on Balls
|
Batting: LHB Dennis Lovett
|
0-0: Foul Ball, location: 2F 0-1: Called Strike 0-2: Ball 1-2: DOUBLE (Line Drive, 7LM) Félix Ruíz to third
|
Batting: RHB Gerald Arnold
|
0-0: Foul Ball, location: 2F 0-1: Swinging Strike 0-2: Ball 1-2: Ball 2-2: Ball 3-2: Strikes out swinging
|
Pitching: RHP Allen Hansen
|
|
Batting: SHB Chet Johnston
|
0-0: Ground out 4-3 (Groundball, 4M) Félix Ruíz scores Dennis Lovett to third
|
Batting: RHB León Rivera
|
0-0: Ball 1-0: Called Strike 1-1: Ball 2-1: Ball 3-1: Fly out, F7 (Flyball, 7M)
|
Top of the 4th over - 1 run(s), 1 hit(s), 0 error(s), 1 left on base; Pittsburgh 3 - California 2 |
BOTTOM OF THE 4TH |
California Golden Bears batting - Pitching for Pittsburgh Panthers : RHP Ricardo Ramírez
|
Batting: RHB Marv Shepard
|
0-0: Ball 1-0: Fly out, F7 (Flyball, 7LM)
|
Batting: RHB Robin Dobson
|
0-0: Ball 1-0: SINGLE (Flyball, 4D)
|
Batting: SHB Jeff McGill
|
0-0: Fly out, F7 (Flyball, 78M)
|
Batting: LHB Noah Gillespie
|
0-0: Ball 1-0: Called Strike 1-1: Ball 2-1: Foul Ball, location: 2F 2-2: Ground out 4-3 (Groundball, 4)
|
Bottom of the 4th over - 0 run(s), 1 hit(s), 0 error(s), 1 left on base; Pittsburgh 3 - California 2 |
TOP OF THE 5TH |
Pittsburgh Panthers batting - Pitching for California Golden Bears : RHP Allen Hansen
|
Batting: RHB Aaron Grizzle
|
0-0: Called Strike 0-1: Fly out, F6 (Popup, 6D)
|
Batting: SHB Jacob Everett
|
0-0: SINGLE (Line Drive, 7S)
|
Batting: RHB David Kerr
|
0-0: Called Strike 0-1: DOUBLE (Groundball, 5L) Jacob Everett to third
|
Batting: RHB Damon McKay
|
0-0: Ball 1-0: SINGLE (Line Drive, 56D) Jacob Everett scores David Kerr to third Runner from 3rd tries for Home, SAFE, throw made home
|
Batting: RHB Félix Ruíz
|
0-0: Called Strike 0-1: Fly out, F8 (Flyball, 78M)
|
Batting: LHB Dennis Lovett
|
0-0: Swinging Strike 0-1: Ball 1-1: SINGLE (Groundball, 5D) Damon McKay to second
|
Batting: RHB Gerald Arnold
|
0-0: Called Strike 0-1: Ball 1-1: Ball 2-1: Swinging Strike 2-2: Foul Ball, location: 2F 2-2: Foul Ball, location: 2F 2-2: Strikes out swinging
|
Top of the 5th over - 2 run(s), 4 hit(s), 0 error(s), 2 left on base; Pittsburgh 5 - California 2 |
BOTTOM OF THE 5TH |
California Golden Bears batting - Pitching for Pittsburgh Panthers : RHP Ricardo Ramírez
|
Batting: RHB Júlio López
|
0-0: Foul Ball, location: 2F 0-1: Swinging Strike 0-2: Strikes out swinging
|
Batting: SHB Chris Woods
|
0-0: Ball 1-0: Foul Ball, location: 2F 1-1: Ball 2-1: Fly out, F6 (Popup, 56)
|
Batting: LHB Sergio Fernández
|
0-0: Ball 1-0: Called Strike 1-1: Ball 2-1: SINGLE (Groundball, 4M)
|
Pitching: RHP Dusty Lester
|
|
Batting: RHB Phil Garne
|
0-0: Ball 1-0: Ball 2-0: Ball 3-0: Base on Balls Sergio Fernández to second
|
Batting: RHB Richard Stroud
|
0-0: Ball 1-0: Swinging Strike 1-1: Swinging Strike 1-2: Ball 2-2: Strikes out looking
|
Bottom of the 5th over - 0 run(s), 1 hit(s), 0 error(s), 2 left on base; Pittsburgh 5 - California 2 |
TOP OF THE 6TH |
Pittsburgh Panthers batting - Pitching for California Golden Bears : RHP Allen Hansen
|
Batting: SHB Chet Johnston
|
0-0: Called Strike 0-1: Ball 1-1: DOUBLE (Line Drive, 3L)
|
Batting: RHB León Rivera
|
0-0: Intentional Walk
|
Batting: RHB Aaron Grizzle
|
0-0: Foul Ball, location: 2F 0-1: Ball 1-1: Ball 2-1: Swinging Strike 2-2: Strikes out swinging
|
Batting: SHB Jacob Everett
|
0-0: Ball 1-0: Called Strike 1-1: SINGLE (Groundball, 4M) Chet Johnston to third León Rivera to second Runner from 3rd tries for Home, SAFE, throw made at trailing runner, SAFE at third!
|
Pitching: RHP Charles Schneider
|
|
Batting: RHB David Kerr
|
0-0: Swinging Strike 0-1: Fly out, F7 (Flyball, 7LM) Runner from 3rd tags up, SCORES, no throw
|
Batting: RHB Damon McKay
|
0-0: Called Strike 0-1: Ball 1-1: Foul Ball, location: 2F 1-2: Ball 2-2: Ball 3-2: Base on Balls Jacob Everett to second
|
Batting: RHB Félix Ruíz
|
0-0: Foul Ball, location: 2F 0-1: Ball 1-1: Ball 2-1: Swinging Strike 2-2: Fly out, F5 (Popup, 5DF)
|
Top of the 6th over - 2 run(s), 2 hit(s), 0 error(s), 2 left on base; Pittsburgh 7 - California 2 |
BOTTOM OF THE 6TH |
California Golden Bears batting - Pitching for Pittsburgh Panthers : RHP Dusty Lester
|
Batting: RHB Marv Shepard
|
0-0: SINGLE (Groundball, 34)
|
Batting: RHB Robin Dobson
|
0-0: Ball 1-0: Called Strike 1-1: Ball 2-1: SINGLE (Line Drive, 34D) Marv Shepard to second
|
Batting: SHB Jeff McGill
|
0-0: Ball 1-0: Foul Ball, location: 2F 1-1: Fly out, F8 (Flyball, 8RM)
|
Batting: LHB Noah Gillespie
|
0-0: Ball 1-0: Called Strike 1-1: Ball 2-1: Called Strike 2-2: Ball 3-2: Base on Balls Marv Shepard to third Robin Dobson to second
|
Batting: RHB Júlio López
|
0-0: Ball 1-0: Ball 2-0: Called Strike 2-1: Fly out, F2 (Popup, 2RF)
|
Batting: SHB Chris Woods
|
0-0: Ball 1-0: Swinging Strike 1-1: SINGLE (Groundball, 3D) Marv Shepard scores Robin Dobson to third Noah Gillespie to second Runner from 3rd tries for Home, SAFE, no throw or cutoff
|
Batting: LHB Sergio Fernández
|
0-0: Swinging Strike 0-1: Called Strike 0-2: Fly out, F3 (Popup, 34)
|
Bottom of the 6th over - 2 run(s), 3 hit(s), 0 error(s), 2 left on base; Pittsburgh 7 - California 4 |
TOP OF THE 7TH |
Pittsburgh Panthers batting - Pitching for California Golden Bears : RHP Charles Schneider
|
Batting: LHB Dennis Lovett
|
0-0: Called Strike 0-1: Ball 1-1: Foul Ball, location: 2F 1-2: Ball 2-2: Foul Ball, location: 2F 2-2: Foul Ball, location: 2F 2-2: Ground out 4-3 (Groundball, 4)
|
Batting: RHB Gerald Arnold
|
0-0: Ball 1-0: Ball 2-0: Called Strike 2-1: Ball 3-1: Foul Ball, location: 2F 3-2: Base on Balls
|
Batting: SHB Chet Johnston
|
0-0: Called Strike 0-1: Ball 1-1: Grounds into double play, U4-3 (Groundball, 4)
|
Top of the 7th over - 0 run(s), 0 hit(s), 0 error(s), 0 left on base; Pittsburgh 7 - California 4 |
BOTTOM OF THE 7TH |
California Golden Bears batting - Pitching for Pittsburgh Panthers : RHP Dusty Lester
|
Batting: RHB Phil Garne
|
0-0: Ball 1-0: Swinging Strike 1-1: Ball 2-1: Ball 3-1: Base on Balls
|
Batting: RHB Richard Stroud
|
0-0: Swinging Strike 0-1: Called Strike 0-2: Fly out, F7 (Line Drive, 7S)
|
Pitching: RHP Cisco Quintana
|
|
Batting: RHB Marv Shepard
|
0-0: Ball 1-0: Grounds into double play, 1-6-3 (Groundball, 23)
|
Bottom of the 7th over - 0 run(s), 0 hit(s), 0 error(s), 0 left on base; Pittsburgh 7 - California 4 |
TOP OF THE 8TH |
Pittsburgh Panthers batting - Pitching for California Golden Bears : RHP Charles Schneider
|
Pitching: RHP Ricardo Martínez
|
|
Batting: RHB León Rivera
|
0-0: Ball 1-0: Swinging Strike 1-1: Foul Ball, location: 2F 1-2: Foul Ball, location: 2F 1-2: Ball 2-2: Strikes out swinging
|
Batting: RHB Aaron Grizzle
|
0-0: Ball 1-0: Called Strike 1-1: Foul Ball, location: 2F 1-2: Ball 2-2: Strikes out swinging
|
Batting: SHB Jacob Everett
|
0-0: Ball 1-0: Ball 2-0: Ball 3-0: Base on Balls
|
Batting: RHB David Kerr
|
0-0: Ball 1-0: Ball 2-0: Called Strike 2-1: Foul Ball, location: 2F 2-2: Strikes out swinging
|
Top of the 8th over - 0 run(s), 0 hit(s), 0 error(s), 1 left on base; Pittsburgh 7 - California 4 |
BOTTOM OF THE 8TH |
California Golden Bears batting - Pitching for Pittsburgh Panthers : RHP Cisco Quintana
|
Batting: RHB Robin Dobson
|
0-0: Ball 1-0: Ball 2-0: Foul Ball, location: 2F 2-1: Hit by Pitch
|
Pitching: RHP Michael Donovan
|
|
Batting: SHB Jeff McGill
|
0-0: Ball 1-0: Ball 2-0: Called Strike 2-1: Foul Ball, location: 2F 2-2: Ball 3-2: Foul Ball, location: 2F 3-2: Base on Balls Robin Dobson to second
|
Pitching: LHP Lee McConnell
|
|
Batting: LHB Noah Gillespie
|
0-0: Called Strike 0-1: Ball 1-1: Swinging Strike 1-2: Fly out, F7 (Line Drive, 7M)
|
Pitching: RHP Alfredo Ortíz
|
|
Batting: RHB Júlio López
|
0-0: Grounds into double play, 6-4-3 (Groundball, 6)
|
Bottom of the 8th over - 0 run(s), 0 hit(s), 0 error(s), 1 left on base; Pittsburgh 7 - California 4 |
TOP OF THE 9TH |
Pittsburgh Panthers batting - Pitching for California Golden Bears : RHP Ricardo Martínez
|
Pitching: RHP Wilson Yoxall
|
|
Batting: RHB Damon McKay
|
0-0: Ball 1-0: Foul Ball, location: 2F 1-1: Called Strike 1-2: Ball 2-2: Strikes out looking
|
Batting: RHB Félix Ruíz
|
0-0: Fly out, F4 (Popup, 3F)
|
Batting: LHB Dennis Lovett
|
0-0: Called Strike 0-1: Ball 1-1: Foul Ball, location: 2F 1-2: Strikes out swinging
|
Top of the 9th over - 0 run(s), 0 hit(s), 0 error(s), 0 left on base; Pittsburgh 7 - California 4 |
BOTTOM OF THE 9TH |
California Golden Bears batting - Pitching for Pittsburgh Panthers : RHP Alfredo Ortíz
|
Pitching: RHP Albert Ángel
|
|
Batting: SHB Chris Woods
|
0-0: Fly out, F7 (Flyball, 78M)
|
Batting: LHB Sergio Fernández
|
0-0: Swinging Strike 0-1: Foul Ball, location: 2F 0-2: Ball 1-2: Ball 2-2: Strikes out swinging
|
Batting: RHB Phil Garne
|
0-0: Ball 1-0: Called Strike 1-1: Swinging Strike 1-2: Foul Ball, location: 2F 1-2: Hit by Pitch
|
Batting: RHB Richard Stroud
|
0-0: Ball 1-0: Ball 2-0: Ball 3-0: Called Strike 3-1: Base on Balls Phil Garne to second
|
Batting: RHB Marv Shepard
|
0-0: Ball 1-0: Fly out, F9 (Flyball, 9M)
|
Bottom of the 9th over - 0 run(s), 0 hit(s), 0 error(s), 2 left on base; Pittsburgh 7 - California 4 |
|